 Dungeon Crawl Stone Soup version 0.30.0-29-ga12c61a403 (webtiles) character file.

Game seed: 14894907629768136713

530418 cheesebisquit the Acrobat (level 26, -3/221 HPs)
             Began as a Djinni Hedge Wizard on June 24, 2023.
             Was the Champion of Ashenzari.
             Slain by a storm dragon (22 damage)
             ... on level 1 of the Realm of Zot on June 25, 2023.
             The game lasted 07:28:02 (58843 turns).

cheesebisquit the Acrobat (Djinni Hedge Wizard)    Turns: 58843, Time: 07:28:02

Health: -3/221     AC:  3    Str:  9    XL:     26   Next: 94%
Gold:   6648       EV: 29    Int: 23    God:    Ashenzari [******] SH: 25 Dex: 12

rFire   + + .        L - +7 spear "Soothsayer of Ashenzari" {holy, rElec rPois Dex-4 Stlth+, Self, Range} (curse)
rCold   + . .        V - +4 kite shield "Eternal Together" {*Corrode rC++ Regen+, Range, Self} (curse)
rNeg    . . .        R - +1 robe of Vines {NoPotionHeal Regen++++, Self, Cun} (curse)
rPois   ∞            c - +2 hat "All-seeing Irritation" {Stlth+, Self, Cun} (curse)
rElec   +            y - +0 cloak "Ruined With Me" {Will+, Melee, Self} (curse)
rCorr   .            x - +0 pair of gloves "Fanaticism of Ashenzari" {Stlth+, Fort, Self} (curse)
SInv    +            (boots unavailable)
Will    +++..        a - amulet of Ashenzari's Augurer {Reflect SH+5, Evo, Self} (curse)
Stlth   ++++++++++   g - ring "Circumscribed With Me" {EV+5, Cun, Self} (curse)
HPRegen 4.56/turn    i - ring "Loss of Ashenzari" {AC+4, Self, Evo} (curse)
MPRegen 0.00/turn

%: corrode self (3%), reflection, clarity, infuse magic (-4 HP)
@: death channelling, corroded, flying, studying Dodging
A: sickness immunity, fire resistance 2, cold vulnerability 1, float, innate
caster, HP casting, extra vitality 1, clarity, dopey 1
}: 3/15 runes: decaying, serpentine, silver
a: Renounce Religion, Shatter the Chains


You were on level 1 of the Realm of Zot.
You worshipped Ashenzari.
Ashenzari was exalted by your worship.
You visited 10 branches of the dungeon, and saw 44 of its levels.

You collected 9174 gold pieces.
You spent 2526 gold pieces at shops.

Inventory:

Hand Weapons
 q - the +11 shortbow of the Beginning {freeze, Int+3 SInv}
   (You found it on level 4 of the Depths)

   Int:       It affects your intelligence (+3).
   SInv:      It lets you see invisible.
 L - the cursed +7 spear "Soothsayer of Ashenzari" (weapon) {holy, rElec rPois Dex-4 Stlth+, Self, Range}
   (You found it on level 4 of the Lair of Beasts)

   Dex:       It affects your dexterity (-4).
   rElec:     It insulates you from electricity.
   rPois:     It protects you from poison.
   Stlth:     It makes you more stealthy.
   It has a curse which improves the following skills: Introspection: Fighting
   and Spellcasting.
   Ranged Combat: Ranged Weapons and Throwing.
 U - the +9 broad axe "Zuekh" {heavy, Will+++ Int+4}
   (You took it off a fire giant on level 5 of the Vaults)

   Int:       It affects your intelligence (+4).
   Will:      It greatly increases your willpower.
Missiles
 m - 4 curare-tipped darts
 r - 65 poisoned darts
 u - 36 boomerangs
 F - 2 boomerangs of dispersal
 J - 2 javelins
 N - 7 silver javelins
Armour
 c - the cursed +2 hat "All-seeing Irritation" (worn) {Stlth+, Self, Cun}
   (You took it off Gastronok on level 9 of the Dungeon)

   It has a curse which improves the following skills: Introspection: Fighting
   and Spellcasting.
   Cunning:   Dodging and Stealth.
 x - the cursed +0 pair of gloves "Fanaticism of Ashenzari" (worn) {Stlth+, Fort, Self}
   (You bought it in a shop on level 2 of the Orcish Mines)

   It has a curse which improves the following skills: Fortitude: Armour and
   Shields.
   Introspection: Fighting and Spellcasting.
 y - the cursed +0 cloak "Ruined With Me" (worn) {Will+, Melee, Self}
   (You took it off Crazy Yiuf on level 7 of the Dungeon)

   It has a curse which improves the following skills: Melee Combat: Short
   Blades, Long Blades, Axes, Maces & Flails, Polearms, Staves and Unarmed
   Combat.
   Introspection: Fighting and Spellcasting.
 R - the cursed +1 robe of Vines (worn) {NoPotionHeal Regen++++, Self, Cun}
   (You found it on level 4 of the Lair of Beasts)

   NoPotionHeal: Its wearer cannot be healed by potions.
   Regen:     It increases your rate of health regeneration.
   It has a curse which improves the following skills: Introspection: Fighting
   and Spellcasting.
   Cunning:   Dodging and Stealth.
 V - the cursed +4 kite shield "Eternal Together" (worn) {*Corrode rC++ Regen+, Range, Self}
   (You found it on level 14 of the Dungeon)

   rC:        It greatly protects you from cold.
   Regen:     It increases your rate of health regeneration.
   *Corrode:  It may corrode you when you take damage.
   It has a curse which improves the following skills: Ranged Combat: Ranged
   Weapons and Throwing.
   Introspection: Fighting and Spellcasting.
 Y - +6 storm dragon scales {Bai Suzhen}
Jewellery
 a - the cursed amulet of Ashenzari's Augurer (around neck) {Reflect SH+5, Evo, Self}
   (You found it on level 3 of the Dungeon)

   [amulet of reflection]

   It reflects blocked missile attacks.
   SH:        It affects your SH (+5).
   It has a curse which improves the following skills: Evocations: Evocations.
   Introspection: Fighting and Spellcasting.
 g - the cursed ring "Circumscribed With Me" (left hand) {EV+5, Cun, Self}
   (You found it on level 1 of the Dungeon)

   [ring of evasion]

   EV:        It affects your evasion (+5).
   It has a curse which improves the following skills: Cunning: Dodging and
   Stealth.
   Introspection: Fighting and Spellcasting.
 i - the cursed ring "Loss of Ashenzari" (right hand) {AC+4, Self, Evo}
   (You found it on level 1 of the Dungeon)

   [ring of protection]

   AC:        It affects your AC (+4).
   It has a curse which improves the following skills: Introspection: Fighting
   and Spellcasting.
   Evocations: Evocations.
 G - the amulet of Zooni {RegenMP Dex+6}
   (You found it on level 4 of the Snake Pit)

   [amulet of magic regeneration]

   It increases your rate of magic regeneration.
   Dex:       It affects your dexterity (+6).
 Z - the amulet "Oroysuad" {RegenMP Harm Regen+ Dex+4}
   (You found it on level 1 of the Depths)

   [amulet of magic regeneration]

   It increases your rate of magic regeneration.
   Dex:       It affects your dexterity (+4).
   Regen:     It increases your rate of health regeneration.
   Harm:      It increases damage dealt and taken.
Wands
 b - a wand of polymorph (47)
 e - a wand of mindburst (43)
 B - a wand of roots (55)
 D - a wand of paralysis (46)
 E - a wand of digging (20)
 H - a wand of acid (48)
 Q - a wand of flame (65)
Scrolls
 d - 8 scrolls of fear
 k - 8 scrolls of immolation
 l - 37 scrolls of teleportation
 n - 13 scrolls of fog
 o - 12 scrolls of blinking
 t - 7 scrolls of vulnerability
 A - 5 scrolls of butterflies
 I - 3 scrolls of silence
 K - 4 scrolls of brand weapon
 M - 7 scrolls of enchant weapon
 O - 7 scrolls of poison
 T - 2 scrolls of magic mapping
Potions
 f - 11 potions of brilliance
 h - 2 potions of ambrosia
 j - 4 potions of flight
 p - 5 potions of haste
 s - 9 potions of might
 v - 8 potions of magic
 w - 2 potions of resistance
 z - 32 potions of curing
 C - 3 potions of cancellation
 S - 3 potions of mutation
 W - 8 potions of heal wounds
 X - 2 potions of invisibility
Miscellaneous
 P - a lightning rod (4/4)


   Skills:
 - Level 18.9(27) Fighting
 - Level 9.5(12.0) Polearms
 - Level 24.0(27) Dodging
 + Level 15.1(19.7) Stealth
 + Level 22.0(24.1) Shields
 - Level 17.5(27) Spellcasting


You knew the following spells:

 Your Spells              Type           Power      Damage    Failure   Level
a - Magic Dart            Conj           100%       1d8       0%          1
b - Slow                  Hex            100%       N/A       0%          1
c - Blink                 Tloc           100%       N/A       0%          2
d - Call Imp              Summ           100%       N/A       0%          2
e - Mephitic Cloud        Conj/Pois/Air  100%       N/A       0%          3
f - Foxfire               Conj/Fire      100%       2x1d9     0%          1
g - Poisonous Vapours     Pois/Air       100%       N/A       0%          2
h - Volatile Blastmotes   Fire/Tloc      100%       2d18      0%          3
i - Iskenderun's Mystic   Conj/Tloc      100%       2d19      0%          4
j - Freezing Cloud        Conj/Ice/Air   50%        6-21      0%          5
k - Irradiate             Conj/Tmut      50%        3d28      0%          5
l - Death Channel         Necr           50%        N/A       0%          6
m - Dispersal             Tloc           50%        N/A       0%          6
n - Iron Shot             Conj/Erth      50%        9d10      0%          6
o - Enfeeble              Hex            50%        N/A       0%          7
p - Spellforged Servitor  Conj/Summ      50%        N/A       0%          7
q - Maxwell's Capacitive  Air            50%        ∞         1%          8
Your spell library was empty.

Dungeon Overview and Level Annotations

Branches:
Dungeon (15/15)            Temple (1/1) D:6            Lair (5/5) D:9
  Swamp (4/4) Lair:3        Snake (4/4) Lair:2        Slime (0/5) Lair:5
    Orc (2/2) D:12            Elf (3/3) Orc:2        Vaults (5/5) D:14
  Crypt (0/3) Vaults:2     Depths (4/4) D:15            Zot (1/5) Depths:4

Altars:
Ashenzari
Cheibriados
Dithmenos
Elyvilon
Fedhas
Gozag
Hepliaklqana
Makhleb
Nemelex Xobeh
Okawaru
Qazlal
Ru
Trog
Uskayaw
Wu Jian
Xom
Yredelemnul
Zin
The Shining One

Shops:
Orc:1 [   Orc:2 [[(=   Elf:1 (   Elf:2 :   Snake:2 (   Snake:3 *   Vaults:1 *
Depths:1 *   Depths:4 =:=(

Portals:
Hell: Depths:1 Depths:2 Depths:3 Depths:4
Abyss: Depths:3
Pandemonium: Depths:2
Ziggurat: Depths:3


Innate Abilities, Weirdness & Mutations

You are immune to sickness and miasma.
You are immune to poison.
Your flesh is very heat resistant. (rF++)
You are vulnerable to cold. (rC-)
You float through the air rather than walking.
You learn spells naturally, not from books.
Your magical power is your life essence.
You have superior vitality. (+4 MHP)
You possess an exceptional clarity of mind.
You are dopey. (Int -2)


Message History

* * * LOW HITPOINT WARNING * * *
The storm dragon claws you but does no damage.
You block the storm dragon's attack.
Okay, then.
Unknown command.
Casting: Iskenderun's Mystic Blast (safe; 0% risk of failure)
Confirm with . or Enter, or press ? or * to list all spells.
Aiming: Freezing Cloud (safe; 0% risk of failure)
Press: ? - help, Dir - move target, f/p - yellow draconian annihilator
Aim: a yellow draconian annihilator, wielding a +2 dagger of venom and wearing a +0 cloak (almost dead, blind, dazed, catching its breath, weak, magic disrupted)
* * * LOW HITPOINT WARNING * * *
You block the storm dragon's attack. The storm dragon completely misses you.
You block the storm dragon's attack.
The ghost moth is engulfed in freezing vapours.
The ghost moth stares at you. The storm dragon bites you!!
* * * LOW HITPOINT WARNING * * *
The storm dragon completely misses you. The storm dragon barely misses you.
The orb of fire is engulfed in freezing vapours.
Blink to where?
Press: ? - help, Dir - move target, p - yellow draconian annihilator
As you read the scroll of blinking, it crumbles to dust.
The yellow draconian annihilator is engulfed in freezing vapours.
You kill the yellow draconian annihilator!
A glowing mist starts to gather...
You block the storm dragon's attack. The storm dragon misses you.
You block the storm dragon's attack.
The ghost moth is engulfed in freezing vapours.
You block the ghost moth's attack. The ghost moth completely misses you.
The ghost moth misses you.
Okay, then.
Unknown command.
The storm dragon is engulfed in freezing vapours.
You block the storm dragon's attack. x2; The storm dragon misses you.
The orb of fire is engulfed in freezing vapours.
The ghost moth is engulfed in freezing vapours.
The ghost moth stares at you.
You block the ghost moth's attack. x2; The ghost moth completely misses you.
The storm dragon is engulfed in freezing vapours.
The storm dragon bites you!!
You die...

, {* *,*
,,,
###.dDd##*,
, , , ,
*..DX### ,
* , , * ,*,
{z###.., *
* * * * ,
{###§§.* *
,, ,,, *
##§§§####
** , * **
##.§§..§§##
#.....y§§§#
*
#.!..@DZ*§#
*
##.......##
#########


You could see an orb of fire, a shadow dragon, a tentacled monstrosity, a golden
dragon, a storm dragon (berserk, weak, ally target), 2 draconians, a death cob,
a ghost moth (invisible) and a friendly spectral draconian annihilator.

Vanquished Creatures
  2 dread liches (Vaults:5)
  A juggernaut (Depths:3)
  the Lernaean hydra (Swamp:4)
  Bai Suzhen (Snake:4)
  The ghost of eruonna the Slayer, a veteran HOBe of Trog (Vaults:1)
  Nikola (Swamp:4)
  6 golden dragons
  2 hellephants (Depths:1)
  A bone dragon (Vaults:2)
  8 tentacled monstrosities
  Jorgrun (Orc:1)
  3 titans (Vaults:5)
  Mlioglotl (Swamp:3)
  4 liches
  2 deep elf master archers (Elf:3)
  A walking divine tome (Depths:3)
  A deep elf blademaster (Elf:3)
  9 quicksilver dragons
  Asterion (Vaults:3)
  8 sphinxes
  Gastronok (D:9)
  6 shadow dragons
  5 storm dragons
  A thorn hunter (Swamp:4)
  9 tengu reavers
  A draconian monk (Depths:4)
  A nagaraja (Snake:3)
  6 fire giants
  3 deep elf sorcerers
  12 frost giants
  A draconian scorcher (Depths:4)
  14 vault wardens
  5 iron dragons
  2 orc warlords
  2 deep elf elementalists (Elf:3)
  2 war gargoyles (Vaults:3)
  4 ghouls
  A draconian annihilator (Zot:1)
  18 ironbound preservers
  3 spriggan defenders (Depths:3)
  15 stone giants
  26 very ugly things
  3 ironbound thunderhulks
  5 deep elf demonologists
  3 eleionomae
  A green draconian (Depths:4)
  5 black draconians (Depths:4)
  19 dire elephants
  A vampire knight (Depths:3)
  A bunyip (Swamp:4)
  8 deep elf annihilators
  3 red draconians (Depths:4)
  4 purple draconians
  4 spark wasps
  6 deep elf death magi
  A spectral quicksilver dragon (Vaults:1)
  A mummy priest (Depths:1)
  7 ettins
  A crystal guardian (Vaults:4)
  A merfolk javelineer (Depths:1)
  2 entropy weavers
  5 deep elf high priests
  11 yaktaur captains
  10 fire dragons
  6 great orbs of eyes
  3 rakshasas
  28 vault guards
  3 spriggan air magi
  2 salamander tyrants (Snake:4)
  10 ice dragons
  Erolcha (D:9)
  17 hydras
  5 ghost crabs
  A catoblepas (Lair:1)
  6 ironbound frosthearts
  4 ogre magi
  11 anacondas
  4 boulder beetles
  2 peacekeepers
  11 two-headed ogres
  23 dancing weapons
  A two-headed ogre (shapeshifter) (Vaults:5)
  18 centaur warriors
  4 deep troll earth magi
  7 alligators
  12 tengu warriors
  3 orc high priests
  A spriggan berserker (Depths:3)
  6 deep troll shamans
  5 naga warriors
  11 naga sharpshooters (Snake:4)
  3 hell hogs (Depths:1)
  3 shock serpents
  10 hell knights
  Sonja (Orc:2)
  A storm dragon zombie (Depths:1)
  A shadow wraith (Vaults:4)
  18 deep elf knights
  7 skeletal warriors
  4 skysharks
  3 salamander mystics
  An iron troll (Depths:2)
  25 deep trolls
  2 flayed ghosts
  A deep troll (shapeshifter) (Vaults:4)
  2 shadow demons (Depths:1)
  7 wizards
  A goliath frog (Swamp:3)
  6 swamp dragons (Swamp:4)
  4 glowing orange brains
  3 spriggan druids
  18 ironbound convokers
  3 phantasmal warriors (Vaults:5)
  4 orc knights
  2 naga ritualists
  A harpy (Vaults:2)
  4 deep elf archers
  6 mana vipers
  15 bog bodies
  13 deep elf pyromancers
  A golden dragon skeleton (Depths:1)
  3 lindwurms (Vaults:2)
  3 necromancers
  20 deep elf zephyrmancers
  An orc sorcerer (Orc:1)
  2 will-o-the-wisps
  13 salamanders
  A manticore (D:13)
  37 ugly things
  A manticore (shapeshifter) (Depths:3)
  2 spectral ettins (Vaults:1)
  3 cyclopes
  Joseph (Lair:1)
  A moth of wrath (Zot:1)
  A black mamba (shapeshifter) (D:15)
  17 black mambas
  10 naga magi
  9 vault sentinels
  3 elephants (Lair:5)
  A fire giant skeleton (Depths:1)
  4 guardian serpents
  2 spectral elves (Vaults:1)
  8 spectral spriggans (Swamp:1)
  16 cane toads
  A gargoyle (D:10)
  4 freezing wraiths
  3 kobold demonologists
  5 komodo dragons
  A yaktaur (shapeshifter) (D:15)
  19 yaktaurs
  A spectral ogre (Vaults:1)
  A rime drake (Lair:2)
  A tengu conjurer (Depths:1)
  8 tyrant leeches
  7 trolls
  2 polar bears (Lair:5)
  2 bloated husks (Swamp:1)
  Grinder (D:3)
  A hornet (Swamp:3)
  A tarantella (shapeshifter) (D:15)
  A tarantella (Vaults:2)
  10 blink frogs (Lair:5)
  2 blink frogs (shapeshifter)
  2 dream sheep (D:8)
  2 spectral humans (Vaults:1)
  A culicivora (Vaults:3)
  A human simulacrum (Vaults:1)
  2 frost giant simulacra
  A culicivora (shapeshifter) (D:15)
  24 yaks
  8 water elementals
  2 spriggans
  5 shadows
  20 slime creatures
  6 wyverns
  2 air elementals (Elf:1)
  A vampire (D:9)
  2 wraiths
  5 humans (D:14)
  3 fire elementals
  13 vampire mosquitoes
  8 basilisks
  4 redbacks (Vaults:3)
  2 yaktaur simulacra (Vaults:1)
  A steam dragon (D:9)
  2 wargs
  24 nagas
  Edmund (D:5)
  17 swamp worms
  3 acid dragons
  11 water moccasins
  A two-headed ogre zombie (D:12)
  8 swamp drakes
  Duvessa (D:7)
  3 ice beasts (D:6)
  17 orc warriors
  A black bear (shapeshifter) (Elf:2)
  A sky beast (D:7)
  11 ogres
  20 wolves
  14 centaurs
  2 boggarts (Depths:1)
  3 phantoms
  A kobold brigand (D:8)
  18 bullfrogs
  A scorpion (shapeshifter) (Vaults:5)
  2 necrophages (Swamp:3)
  5 earth elementals
  4 scorpions
  9 wights
  Dowan (D:7)
  6 killer bees
  3 troll zombies (D:12)
  A howler monkey (D:10)
  5 electric eels
  8 crimson imps (D:10)
  A hound (D:6)
  Crazy Yiuf (D:7)
  5 orc priests
  4 gnoll boudas
  An iguana (D:5)
  A sleepcap (D:6)
  15 orc wizards
  4 ogre zombies (D:12)
  A mummy (D:12)
  20 gnolls
  18 adders
  13 white imps
  A worm (D:4)
  3 dart slugs
  46 orcs
  2 ball pythons
  8 endoplasms
  4 giant cockroaches
  8 hobgoblins
  3 jackals
  3 quokkas
  10 bats
  4 frilled lizards
  2 goblins (D:1)
  3 goblin zombies (D:12)
  A hobgoblin skeleton (D:12)
  3 hobgoblin zombies (D:12)
  9 kobolds
  2 orc skeletons (D:12)
  16 orc zombies (D:12)
  2 rats
1433 creatures vanquished.

Vanquished Creatures (collateral kills)
  A dread lich (Vaults:5)
  Sojobo (Depths:2)
  3 golden dragons (Depths:3)
  A hellephant (Depths:1)
  A lich (Vaults:5)
  4 tentacled monstrosities
  A deep elf blademaster (Elf:3)
  3 sphinxes
  5 tengu reavers
  2 storm dragons
  6 draconian monks (Depths:4)
  A fenstrider witch (Swamp:4)
  A nagaraja (Snake:4)
  2 fire giants
  2 frost giants
  Louise (Depths:3)
  An iron dragon (Depths:3)
  5 vault wardens
  A deep elf sorcerer (Elf:3)
  2 deep elf elementalists (Elf:3)
  A quicksilver ooze (shapeshifter) (Elf:3)
  7 ironbound preservers
  A vampire knight (Depths:3)
  3 very ugly things
  2 deep elf demonologists (Elf:3)
  6 stone giants
  3 dire elephants
  5 black draconians (Depths:4)
  2 green draconians (Depths:4)
  A red draconian (Depths:4)
  3 white draconians (Depths:4)
  2 deep elf annihilators (Elf:3)
  A spark wasp (Depths:1)
  2 deep elf death magi
  A merfolk impaler (Depths:1)
  5 fire dragons
  An ettin (Vaults:5)
  A yaktaur captain (Vaults:5)
  A deep elf high priest (Elf:3)
  An entropy weaver (Vaults:3)
  A great orb of eyes (Vaults:2)
  A hydra (Swamp:4)
  2 vault guards
  3 ice dragons
  3 rakshasas
  2 spriggan air magi
  3 ogre magi
  2 ironbound frosthearts
  2 salamander tyrants
  9 two-headed ogres
  2 anacondas (Snake:4)
  A centaur warrior (Vaults:2)
  A catoblepas (D:15)
  2 naga warriors
  3 deep troll earth magi
  4 hell hogs (Depths:1)
  A dancing weapon (Elf:2)
  A tengu warrior (Depths:2)
  A vampire mage (Depths:3)
  A naga sharpshooter (Snake:4)
  2 shock serpents
  A skeletal warrior (D:15)
  An iron troll (Depths:2)
  A salamander mystic (Snake:4)
  A goliath frog (shapeshifter) (Depths:3)
  A goliath frog (Swamp:4)
  3 swamp dragons (Swamp:4)
  2 naga ritualists (Snake:4)
  15 deep trolls
  A spriggan druid (Swamp:3)
  2 deep elf archers (Elf:3)
  A wizard (Vaults:1)
  2 ironbound convokers
  4 bog bodies
  An orc knight (Vaults:2)
  A lindwurm (Vaults:2)
  A harpy (shapeshifter) (Vaults:5)
  A deep elf pyromancer (Elf:3)
  7 deep elf zephyrmancers
  2 mana vipers
  7 ugly things
  A faun (shapeshifter) (Depths:1)
  An elephant (shapeshifter) (Depths:2)
  2 salamanders
  3 slime creatures
  A vault sentinel (Vaults:4)
  13 black mambas
  4 naga magi
  4 yaktaurs
  3 trolls
  A queen bee (shapeshifter) (Vaults:5)
  A tyrant leech (Swamp:4)
  A slime creature (shapeshifter) (Vaults:5)
  A spriggan (Swamp:1)
  A water elemental (Depths:4)
  6 humans (D:14)
  A redback (Vaults:2)
  4 vampire mosquitoes
  13 nagas
  2 swamp worms (Swamp:3)
  A swamp drake (Swamp:4)
  3 orc warriors
  13 ogres
  A scorpion (D:6)
  An orc priest (Elf:1)
  4 orc wizards
  2 white imps (Lair:1)
  2 orcs (Orc:2)
  A kobold (D:3)
286 creatures vanquished.

Vanquished Creatures (others)
  A golden dragon (Depths:3)
  A ghoul (Swamp:3)
  A deep elf high priest (Elf:3)
  A two-headed ogre (Vaults:5)
  A two-headed ogre (shapeshifter) (Vaults:5)
  A deep elf pyromancer (D:14)
  An elephant (Lair:5)
  2 bloated husks
  A naga (Snake:4)
  248 foxfires
258 creatures vanquished.

Grand Total: 1977 creatures vanquished

Notes
Turn   | Place    | Note
-------+----------+-------------------------------------------
     0 | D:1      | cheesebisquit the Djinni Hedge Wizard began the quest for
                  | the Orb.
     0 | D:1      | cheesebisquit set off with the following spells memorised:
                  | Magic Dart, Slow, Blink, Call Imp, Mephitic Cloud.
     0 | D:1      | Reached XP level 1. HP: 15/15 MP: 0/0
   306 | D:1      | Reached skill level 1 in Fighting
   306 | D:1      | Reached XP level 2. HP: 13/22 MP: 0/0
   758 | D:2      | Reached XP level 3. HP: 24/28 MP: 0/0
   758 | D:2      | Learned a level 1 spell: Foxfire
  1377 | D:2      | Found a broken altar of Ashenzari.
  1492 | D:2      | Found a faded altar of an unknown god.
  1688 | D:2      | Became a worshipper of Ashenzari the Shackled
  1699 | D:2      | Reached XP level 4. HP: 32/33 MP: 0/0
  1898 | D:3      | Noticed Grinder
  2234 | D:3      | Paralysed by Grinder for 2 turns
  2248 | D:3      | Paralysed by Grinder for 5 turns
  2252 | D:3      | HP: 1/34 [Grinder/nerve-wracking pain (12)]
  2766 | D:3      | Reached XP level 5. HP: 39/40 MP: 0/0
  2766 | D:3      | Learned a level 2 spell: Poisonous Vapours
  3053 | D:3      | Paralysed by Grinder for 2 turns
  3086 | D:3      | Killed Grinder
  3087 | D:3      | Reached XP level 6. HP: 28/47 MP: 0/0
  3507 | D:4      | Found a blossoming altar of Fedhas.
  3524 | D:3      | Reached XP level 7. HP: 31/53 MP: 0/0
  3524 | D:3      | Learned a level 3 spell: Volatile Blastmotes
  3713 | D:4      | Reached skill level 5 in Fighting
  3911 | D:4      | You are sucked into a shaft and drop 2 floors!
  3925 | D:5      | Entered Level 5 of the Dungeon
  4099 | D:5      | Noticed Edmund
  4298 | D:5      | Reached skill level 5 in Spellcasting
  4298 | D:5      | Reached XP level 8. HP: 48/61 MP: 0/0
  4739 | D:4      | Found a shadowy altar of Dithmenos.
  4958 | D:4      | Found an iron altar of Okawaru.
  4961 | D:4      | Found a hide-covered altar of Uskayaw.
  5317 | D:5      | Killed Edmund
  5432 | D:6      | Found an opulent altar of Gozag.
  5801 | D:6      | Reached XP level 9. HP: 69/69 MP: 0/0
  5801 | D:6      | Learned a level 4 spell: Iskenderun's Mystic Blast
  5819 | D:6      | Found a staircase to the Ecumenical Temple.
  5954 | Temple   | Entered the Ecumenical Temple
  6345 | D:6      | Found a sparkling altar of Nemelex Xobeh.
  7306 | D:7      | Noticed Duvessa
  7317 | D:7      | Noticed Dowan
  7322 | D:7      | Killed Duvessa
  7345 | D:7      | Killed Dowan
  8058 | D:7      | Found a runed translucent door.
  8059 | D:7      | Noticed Crazy Yiuf
  8241 | D:7      | Reached * piety under Ashenzari
  8242 | D:7      | Reached skill level 10 in Fighting
  8242 | D:7      | Reached skill level 7 in Dodging
  8242 | D:7      | Reached XP level 10. HP: 84/84 MP: 0/0
  8243 | D:7      | Reached skill level 9 in Dodging
  8243 | D:7      | Reached XP level 11. HP: 92/92 MP: 0/0
  8243 | D:7      | Learned a level 5 spell: Freezing Cloud
  8306 | D:7      | Killed Crazy Yiuf
  9057 | D:8      | Noticed a deep elf pyromancer
  9069 | D:8      | Found a glowing golden altar of the Shining One.
  9796 | D:8      | Reached ** piety under Ashenzari
  9906 | D:9      | Noticed Erolcha
  9906 | D:9      | Noticed Gastronok
  9994 | D:9      | Reached XP level 12. HP: 101/101 MP: 0/0
 10123 | D:9      | Reached skill level 10 in Spellcasting
 10380 | D:9      | Killed Erolcha
 10453 | D:9      | Killed Gastronok
 10454 | D:9      | Reached skill level 10 in Dodging
 10544 | D:9      | Found a staircase to the Lair.
 10806 | D:9      | Noticed a boulder beetle
 10823 | D:9      | Killed a boulder beetle
 10948 | D:9      | Noticed a two-headed ogre
 10964 | D:9      | Killed a two-headed ogre
 11106 | D:10     | Entered Level 10 of the Dungeon
 11225 | D:10     | Found a bloodstained altar of Trog.
 11480 | D:10     | Found a basalt altar of Yredelemnul.
 11484 | D:10     | Found a sacrificial altar of Ru.
 11488 | D:10     | Found a snail-covered altar of Cheibriados.
 11688 | D:10     | Identified the Almanac of Terra Firma
 11706 | D:10     | Noticed a two-headed ogre
 11893 | D:10     | Found a white marble altar of Elyvilon.
 11893 | D:10     | Found a stormy altar of Qazlal.
 12153 | D:10     | Found an ornate altar of the Wu Jian Council.
 12357 | D:10     | Killed a two-headed ogre
 12690 | D:11     | Noticed a boulder beetle
 12707 | D:11     | Killed a boulder beetle
 12831 | D:11     | Reached *** piety under Ashenzari
 13122 | D:11     | Reached skill level 11 in Dodging
 13367 | D:11     | Reached XP level 13. HP: 75/111 MP: 0/0
 13367 | D:11     | Learned a level 5 spell: Irradiate
 13748 | D:12     | Found a staircase to the Orcish Mines.
 14623 | D:12     | Found a snail-covered altar of Cheibriados.
 15871 | D:13     | Noticed a centaur warrior
 15883 | D:13     | Killed a centaur warrior
 16149 | D:13     | Reached skill level 12 in Dodging
 16898 | D:13     | Found an ornate altar of the Wu Jian Council.
 17081 | Lair:1   | Entered Level 1 of the Lair of Beasts
 17105 | Lair:1   | Noticed Joseph
 17133 | Lair:1   | Killed Joseph
 17507 | Lair:1   | Noticed a catoblepas
 17517 | Lair:1   | Killed a catoblepas
 18174 | Lair:1   | Reached **** piety under Ashenzari
 18892 | Lair:2   | Found a staircase to the Snake Pit.
 19269 | Lair:2   | Gained mutation: You are agile. (Dex +4, Str/Int -1)
                  | [mutagenic glow]
 19848 | Lair:3   | Reached XP level 14. HP: 121/125 MP: 0/0
 19848 | Lair:3   | Reached ***** piety under Ashenzari
 20661 | Lair:3   | Found a staircase to the Swamp.
 20786 | Lair:4   | Identified the +7 spear of the Gnat {holy, rElec rPois
                  | Dex-4 Stlth+}
 20802 | Lair:4   | Reached skill level 13 in Dodging
 21367 | Lair:4   | Found the +1 robe of Vines {NoPotionHeal Regen++++}
 21993 | Lair:5   | Entered Level 5 of the Lair of Beasts
 22016 | Lair:5   | Gained mutation: You are very vulnerable to cold. (rC--)
                  | [mutagenic glow]
 22036 | Lair:5   | Gained mutation: You occasionally shout uncontrollably at
                  | your foes. [mutagenic glow]
 22039 | Lair:5   | Reached skill level 15 in Fighting
 22050 | Lair:5   | Gained mutation: You have hidden genetic defects.
                  | [mutagenic glow]
 22065 | Lair:5   | Lost mutation: You are agile. (Dex +4, Str/Int -1)
                  | [mutagenic glow]
 22093 | Lair:5   | Gained mutation: Armour fits poorly on your strangely
                  | shaped body. [mutagenic glow]
 22111 | Lair:5   | Gained mutation: You are agile. (Dex +4, Str/Int -1)
                  | [mutagenic glow]
 22129 | Lair:5   | Lost mutation: You are agile. (Dex +4, Str/Int -1)
                  | [mutagenic glow]
 22144 | Lair:5   | Lost mutation: You occasionally shout uncontrollably at
                  | your foes. [mutagenic glow]
 22173 | Lair:5   | Gained mutation: You are partially covered in iridescent
                  | scales. (AC +2) [mutagenic glow]
 22184 | Lair:5   | Gained mutation: You are resistant to electric shocks.
                  | (rElec) [mutagenic glow]
 22520 | Lair:5   | Gained mutation: You are frail. (-10% HP) [hidden defects]
 22537 | Lair:5   | Reached skill level 14 in Dodging
 22652 | Lair:5   | Found a staircase to the Slime Pits.
 23322 | Orc:1    | Entered Level 1 of the Orcish Mines
 23322 | Orc:1    | Noticed an orc warlord
 23332 | Orc:1    | Killed an orc warlord
 23333 | Orc:1    | Reached XP level 15. HP: 114/123 MP: 0/0
 23333 | Orc:1    | Learned a level 6 spell: Death Channel
 23341 | D:12     | Gained mutation: Your spells are a little easier to cast,
                  | but a little less powerful. [mutagenic glow]
 23627 | Orc:2    | Entered Level 2 of the Orcish Mines
 23700 | Orc:2    | Found a staircase to the Elven Halls.
 23708 | Orc:2    | Gained mutation: You have terrible hidden genetic defects.
                  | [hidden defects]
 23708 | Orc:2    | Lost mutation: You have terrible hidden genetic defects.
                  | [hidden defects expressed]
 23886 | D:12     | Lost mutation: You are very vulnerable to cold. (rC--)
                  | [potion of mutation]
 23886 | D:12     | Lost mutation: You have hidden genetic defects. [potion of
                  | mutation]
 23886 | D:12     | Lost mutation: Armour fits poorly on your strangely shaped
                  | body. [potion of mutation]
 23886 | D:12     | Gained mutation: You occasionally lose the ability to read
                  | scrolls when taking damage. [potion of mutation]
 23887 | D:12     | Lost mutation: Your spells are a little easier to cast, but
                  | a little less powerful. [potion of mutation]
 23887 | D:12     | Lost mutation: You are frail. (-10% HP) [potion of
                  | mutation]
 23887 | D:12     | Lost mutation: You are partially covered in iridescent
                  | scales. (AC +2) [potion of mutation]
 23887 | D:12     | Gained mutation: You have sharp fingernails. [potion of
                  | mutation]
 23887 | D:12     | Gained mutation: You are agile. (Dex +4, Str/Int -1)
                  | [potion of mutation]
 23990 | Lair:1   | Lost mutation: You occasionally lose the ability to read
                  | scrolls when taking damage. [potion of mutation]
 23990 | Lair:1   | Lost mutation: You have sharp fingernails. [potion of
                  | mutation]
 23990 | Lair:1   | Gained mutation: Your flesh is almost immune to the effects
                  | of heat. (rF+++) [potion of mutation]
 23990 | Lair:1   | Lost mutation: Your flesh is almost immune to the effects
                  | of heat. (rF+++) [potion of mutation]
 23990 | Lair:1   | Gained mutation: You have a pair of small antennae on your
                  | head. [potion of mutation]
 23991 | Lair:1   | Lost mutation: You are agile. (Dex +4, Str/Int -1) [potion
                  | of mutation]
 23991 | Lair:1   | Lost mutation: You are resistant to electric shocks.
                  | (rElec) [potion of mutation]
 23991 | Lair:1   | Lost mutation: You have a pair of small antennae on your
                  | head. [potion of mutation]
 23991 | Lair:1   | Gained mutation: You have a pair of small horns on your
                  | head. [potion of mutation]
 23991 | Lair:1   | Gained mutation: You have a pair of horns on your head.
                  | [potion of mutation]
 24320 | Orc:1    | Found Qygeng's Antique Armour Shoppe.
 24344 | Orc:1    | Noticed Jorgrun
 24376 | Orc:1    | Killed Jorgrun
 24688 | Orc:2    | Noticed Sonja
 24700 | Orc:2    | Killed Sonja
 24720 | Orc:2    | Reached skill level 15 in Dodging
 24805 | Orc:2    | Found Limeulayx's Jewellery Shop.
 24805 | Orc:2    | Found Suinn's Antique Weapon Emporium.
 24806 | Orc:2    | Found Houno's Antique Armour Emporium.
 24806 | Orc:2    | Found Wavuwnil's Antique Armour Boutique.
 25370 | Orc:2    | Bought a pair of embroidered gloves for 157 gold pieces
 25739 | D:14     | Reached skill level 1 in Shields
 25850 | D:14     | Found a stormy altar of Qazlal.
 26178 | D:14     | Reached skill level 5 in Shields
 26289 | D:14     | Reached XP level 16. HP: 147/147 MP: 0/0
 26550 | D:14     | Identified the +4 kite shield of an ice cave {*Corrode rC++
                  | Regen+}
 26558 | D:14     | Found a gate to the Vaults.
 26732 | D:15     | Entered Level 15 of the Dungeon
 27437 | D:15     | Found a staircase to the Depths.
 27437 | D:15     | Noticed a frost giant
 27457 | D:15     | Killed a frost giant
 28087 | D:15     | Found a staircase to the Depths.
 28406 | Snake:1  | Entered Level 1 of the Snake Pit
 29302 | Snake:1  | Reached ****** piety under Ashenzari
 29464 | Snake:2  | Reached skill level 10 in Shields
 29779 | Snake:2  | Found Ogachocw's Weapon Shoppe.
 29910 | Snake:2  | Reached skill level 1 in Polearms
 30079 | Snake:2  | Reached XP level 17. HP: 157/157 MP: 0/0
 30079 | Snake:2  | Learned a level 6 spell: Dispersal
 31000 | Snake:3  | Identified the Lectures on the Frostbitten Tektite
 31120 | Snake:3  | Found Tegiwocs's General Store.
 31128 | Snake:3  | Bought a potion of curing for 51 gold pieces
 31402 | Snake:4  | Entered Level 4 of the Snake Pit
 31544 | Snake:4  | Reached skill level 5 in Polearms
 31762 | Snake:4  | Identified the amulet of Zooni {RegenMP Dex+6}
 32040 | Snake:4  | Noticed a quicksilver dragon
 32045 | Snake:4  | Noticed a quicksilver dragon
 32052 | Snake:4  | Killed a quicksilver dragon
 32052 | Snake:4  | Killed a quicksilver dragon
 32217 | Snake:4  | Reached XP level 18. HP: 157/165 MP: 0/0
 32309 | Snake:4  | Got a serpentine rune of Zot
 32395 | Snake:4  | Noticed Bai Suzhen
 32410 | Snake:4  | Killed Bai Suzhen
 32890 | Swamp:1  | Entered Level 1 of the Swamp
 35084 | Swamp:3  | Noticed Mlioglotl
 35110 | Swamp:3  | Gained mutation: You are very vulnerable to cold. (rC--)
                  | [mutagenic glow]
 35130 | Swamp:3  | Lost mutation: You are very vulnerable to cold. (rC--)
                  | [mutagenic glow]
 35138 | Swamp:3  | Gained mutation: You are clumsy. (Dex -2) [mutagenic glow]
 35464 | Swamp:3  | Killed Mlioglotl
 35465 | Swamp:3  | Reached skill level 15 in Shields
 35720 | Swamp:4  | Entered Level 4 of the Swamp
 35725 | Swamp:4  | Gained mutation: You occasionally shout uncontrollably at
                  | your foes. [mutagenic glow]
 35835 | Swamp:4  | Noticed Nikola
 35850 | Swamp:4  | Killed Nikola
 35940 | Swamp:4  | Reached XP level 19. HP: 171/171 MP: 0/0
 35940 | Swamp:4  | Learned a level 6 spell: Iron Shot
 36016 | Swamp:4  | Noticed the 27-headed Lernaean hydra
 36025 | Swamp:4  | Killed the 27-headed Lernaean hydra
 36063 | Swamp:4  | Got a decaying rune of Zot
 36785 | Vaults:1 | Entered Level 1 of the Vaults
 36897 | Vaults:1 | Reached skill level 16 in Dodging
 37189 | Vaults:1 | Found Etafy's Assorted Antiques.
 37193 | Vaults:1 | Bought a scroll of enchant weapon for 232 gold pieces
 37193 | Vaults:1 | Bought 2 potions of curing for 186 gold pieces
 37193 | Vaults:1 | Bought a wand of polymorph (7) for 303 gold pieces
 37371 | Vaults:1 | Found a runed translucent gate.
 37371 | Vaults:1 | Found a runed translucent gate.
 37371 | Vaults:1 | Found a runed translucent gate.
 37940 | Vaults:1 | Noticed eruonna's ghost (veteran HOBe)
 38196 | Vaults:2 | Reached XP level 20. HP: 148/181 MP: 0/0
 38387 | Vaults:2 | Reached skill level 17 in Dodging
 38739 | Vaults:2 | Found a staircase to the Crypt.
 38739 | Vaults:2 | Noticed a bone dragon
 38748 | Vaults:2 | Killed a bone dragon
 39599 | Vaults:3 | Reached skill level 18 in Dodging
 39771 | Vaults:3 | Noticed Asterion
 39778 | Vaults:3 | Killed Asterion
 39779 | Vaults:3 | Reached XP level 21. HP: 140/187 MP: 0/0
 39779 | Vaults:3 | Learned a level 7 spell: Enfeeble
 39978 | Vaults:3 | Reached skill level 15 in Spellcasting
 40878 | Vaults:4 | Reached skill level 19 in Dodging
 41541 | Vaults:4 | Identified the Information on the Zephyr
 41606 | Vaults:4 | Identified the +0 long sword "Obbiviry" {pain, Fly rCorr
                  | Dex+4}
 42395 | Elf:1    | Entered Level 1 of the Elven Halls
 42548 | Elf:1    | Reached XP level 22. HP: 184/194 MP: 0/0
 42548 | Elf:1    | Paralysed by an air elemental for 1 turns
 42677 | Elf:1    | Found Azaupho's Antique Weapon Boutique.
 42810 | Elf:1    | Identified the orb of Midwinter {mayhem, rF+ rN+}
 43402 | Elf:2    | Reached skill level 20 in Dodging
 43491 | Elf:2    | Found Coczuhus's One-of-a-Kind Rings.
 43654 | Elf:2    | Found Ecerch's Book Shop.
 43666 | Elf:2    | Bought a manual of Dodging for 1440 gold pieces
 44000 | Elf:2    | Found a runed translucent gate.
 44000 | Elf:2    | Found a runed translucent gate.
 44002 | Elf:2    | Found a runed translucent gate.
 44646 | Vaults:1 | Reached skill level 21 in Dodging
 44650 | Vaults:1 | Gained mutation: You occasionally lose the ability to read
                  | scrolls when taking damage. [mutagenic glow]
 44654 | Vaults:1 | Killed eruonna's ghost
 44668 | Vaults:1 | Lost mutation: You have a pair of horns on your head.
                  | [mutagenic glow]
 44677 | Vaults:1 | Gained mutation: You do not regenerate when monsters are
                  | visible. [mutagenic glow]
 44761 | Vaults:1 | Lost mutation: You occasionally lose the ability to read
                  | scrolls when taking damage. [potion of mutation]
 44761 | Vaults:1 | Lost mutation: You have a pair of small horns on your head.
                  | [potion of mutation]
 44761 | Vaults:1 | Lost mutation: You do not regenerate when monsters are
                  | visible. [potion of mutation]
 44762 | Vaults:1 | Lost mutation: You are clumsy. (Dex -2) [potion of
                  | mutation]
 44762 | Vaults:1 | Lost mutation: You occasionally shout uncontrollably at
                  | your foes. [potion of mutation]
 44762 | Vaults:1 | Gained mutation: You expend health (3 HP) to strengthen
                  | your wands. [potion of mutation]
 44762 | Vaults:1 | Gained mutation: Armour fits poorly on your strangely
                  | shaped body. [potion of mutation]
 44762 | Vaults:1 | Gained mutation: You have hidden genetic potential. [potion
                  | of mutation]
 44763 | Vaults:1 | Lost mutation: You expend health (3 HP) to strengthen your
                  | wands. [potion of mutation]
 44763 | Vaults:1 | Lost mutation: You have hidden genetic potential. [potion
                  | of mutation]
 44763 | Vaults:1 | Lost mutation: Armour fits poorly on your strangely shaped
                  | body. [potion of mutation]
 44763 | Vaults:1 | Gained mutation: You possess an exceptional clarity of
                  | mind. [potion of mutation]
 44938 | Depths:1 | Entered Level 1 of the Depths
 44967 | Depths:1 | Found Caonehaop's General Store.
 44970 | Depths:1 | Bought a scroll of magic mapping for 157 gold pieces
 45210 | Depths:1 | Identified the amulet "Oroysuad" {RegenMP Harm Regen+
                  | Dex+4}
 45544 | Depths:1 | Reached skill level 22 in Dodging
 45679 | Depths:1 | Reached XP level 23. HP: 185/201 MP: 0/0
 45679 | Depths:1 | Learned a level 7 spell: Spellforged Servitor
 45814 | Depths:1 | Found a gateway to Hell.
 46096 | Depths:2 | Reached skill level 23 in Dodging
 46247 | Depths:2 | Noticed Sojobo
 46270 | Depths:2 | Killed Sojobo
 46605 | Depths:2 | Reached skill level 24 in Dodging
 46861 | Depths:2 | Found a one-way gate leading to the halls of Pandemonium.
 47114 | Depths:3 | Found a one-way gateway to a ziggurat.
 47259 | Depths:3 | Found a one-way gate to the infinite horrors of the Abyss.
 47259 | Depths:3 | Noticed Louise
 47269 | Depths:3 | Killed Louise
 47386 | Depths:3 | Noticed a juggernaut
 47392 | Depths:3 | Killed a juggernaut
 47393 | Depths:3 | Reached skill level 5 in Stealth
 47443 | Depths:3 | Noticed a golden dragon
 47449 | Depths:3 | Killed a golden dragon
 47450 | Depths:3 | Reached XP level 24. HP: 202/208 MP: 0/0
 47511 | Depths:3 | Noticed a golden dragon
 47531 | Depths:3 | Killed a golden dragon
 47983 | Depths:3 | Noticed a golden dragon
 47987 | Depths:3 | Killed a golden dragon
 47994 | Depths:3 | Noticed a golden dragon
 47998 | Depths:3 | Killed a golden dragon
 48124 | Depths:3 | Noticed a golden dragon
 48133 | Depths:3 | Killed a golden dragon
 48217 | Depths:3 | Noticed a golden dragon
 48223 | Depths:3 | Killed a golden dragon
 48283 | Depths:3 | Noticed a golden dragon
 48289 | Depths:3 | Killed a golden dragon
 48471 | Depths:3 | Identified the amulet of Haitigat {Faith Str+3 Int+2}
 48576 | Depths:4 | Entered Level 4 of the Depths
 48586 | Depths:4 | Found Tuveolyu's Weapon Boutique.
 48721 | Depths:4 | Identified the +0 ring mail of the Transmuting Gods {Harm
                  | Rampage rC++ Int-2}
 48722 | Depths:4 | Identified the +11 shortbow of the Beginning {freeze, Int+3
                  | SInv}
 49160 | Depths:4 | Found Ampuh's Book Shoppe.
 49161 | Depths:4 | Found Cusyvoh's Jewellery Boutique.
 49161 | Depths:4 | Found Vasa's Jewellery Boutique.
 49228 | Depths:4 | Noticed a golden dragon
 49233 | Depths:4 | Killed a golden dragon
 49234 | Depths:4 | Reached skill level 10 in Stealth
 49234 | Depths:4 | Reached XP level 25. HP: 200/205 MP: 0/0
 49234 | Depths:4 | Learned a level 8 spell: Maxwell's Capacitive Coupling
 49259 | Depths:4 | Found a gate to the Realm of Zot.
 49290 | Depths:4 | Identified the ring "Doreix" {rPois rC- Dex+6 SInv}
 49290 | Depths:4 | Identified the +2 ring mail of Thoughtfulness {rPois Will+
                  | rCorr}
 49290 | Depths:4 | Identified the +0 scale mail of Quiet Fog {Harm +Inv rPois
                  | Int-3}
 50061 | Elf:3    | Entered Level 3 of the Elven Halls
 50359 | Elf:3    | Gained mutation: You are dopey. (Int -2) [mutagenic glow]
 50458 | Elf:3    | Identified the +5 plate armour of the Elven Halls {rElec
                  | Str+3 Int-2}
 50471 | Elf:3    | Identified the +1 long sword of Dominance {vamp, rElec
                  | Int+8 Dex-2}
 50604 | Elf:3    | Identified the +0 plate armour "Funtiext" {Harm rC- Will+++
                  | Str+3}
 51380 | Elf:3    | Identified the +2 scale mail of Yrphia {Rampage}
 51412 | Elf:3    | Identified the Directory of the Weird Band
 51449 | Elf:3    | Identified the staff of earth "Luasad Kuilu" {rElec rC+}
 51450 | Elf:3    | Identified the +4 chain mail of the Unseen Realm {rF+}
 51450 | Elf:3    | Identified the +6 plate armour of the Thirteen Songs
                  | {Regen+}
 51529 | Elf:3    | Identified the staff of earth "Duxuaf" {rPois rF- rCorr
                  | SInv}
 52034 | Vaults:5 | Entered Level 5 of the Vaults
 52051 | Vaults:5 | Reached XP level 26. HP: 80/221 MP: 0/0
 52118 | Vaults:5 | HP: 2/204 [titan/the air (16)]
 53465 | Vaults:5 | Noticed a dread lich
 53474 | Vaults:5 | Killed a dread lich
 55869 | Vaults:5 | Identified the +9 broad axe "Zuekh" {heavy, Will+++ Int+4}
 55905 | Vaults:5 | Identified the +0 scale mail of Narcissism {Regen+ Str+3}
 56559 | Vaults:5 | Identified the Folio of Repulsive Topography
 56560 | Vaults:5 | Identified the Essays on the Exothermic Brume
 56606 | Vaults:5 | Noticed a dread lich
 56614 | Vaults:5 | Killed a dread lich
 57330 | Vaults:5 | Identified the +1 scale mail of the Planets {rElec rC- rN++
                  | Dex+4}
 57337 | Vaults:5 | Got a silver rune of Zot
 57588 | Vaults:5 | Noticed a dread lich
 57596 | Vaults:5 | Killed a dread lich
 57597 | Vaults:5 | Reached skill level 15 in Stealth
 58821 | Zot:1    | Entered Level 1 of the Realm of Zot
 58835 | Zot:1    | Noticed an orb of fire
 58841 | Zot:1    | HP: 10/221 [storm dragon (18)]
 58843 | Zot:1    | Slain by a storm dragon

Illustrated notes

Levels and vault maps discovered:
D:1:      doesnt_arrival_eight_statues, layout_rooms
D:2:      minmay_wonky_spiral, layout_basic,
          hellmonk_ecumenical_altar_slurped_away, basic_altar
D:3:      layout_basic, chequers_serial_rivers_micro_b, supply_closet_lemuel,
          minmay_bisected, uniq_grinder
D:4:      layout_rooms, fedhas_altar_1, minitemple, grunt_ministairs_7,
          kennysheep_nondescript
D:5:      layout_rooms, minivault_1, columned_hall_lemuel, uniq_edmund
D:6:      cheibrodos_helix_gallery, layout_cave_pools,
          nicolae_gozag_seed_capital, mainiacjoe_overflow_brackets,
          temple_doors_ab, solitary_fountain
D:7:      layout_basic, uniq_crazy_yiuf_cottage, uniq_duvessa
D:8:      layout_basic, general_overflow_altar, serial_glass, glass_columns_a,
          glass_columns_a, dreamdust_gnoll_shepherd
D:9:      layout_small_grid, david_lair_shrubbed, nzn_sisyphean_effort,
          uniq_erolcha, uniq_gastronok
D:10:     layout_cross, kennysheep_mini_moat, trog_three_pillars_becter,
          grunt_temple_overflow_diamond, grunt_temple_overflow_open,
          minmay_nine_imps
D:11:     layout_roguey
D:12:     layout_rooms, zombieorc2_lemuel, slow_altar_2
D:13:     layout_basic, nicolae_wu_jian_immortal_techniques
D:14:     layout_basic, ximxim_vaults_locker_room,
          infiniplex_staircase_pillars_3a, nicolae_qazlal_scattered_showers
D:15:     grunt_enter_depths_snipers, layout_loops_ring
Temple:   hellmonk_temple_rainy
Lair:1:   layout_layer_cave, portal_ice_cave_entry_imps, grunt_megastairs_4,
          uniq_joseph
Lair:2:   layout_loops_ring, nicolae_snake_entry_squirm
Lair:3:   layout_loops_ring, palyth_hydra_swamp_entry
Lair:4:   minmay_lair_venomous_thicket, layout_cave_pods,
          gauntlet_entry_generic, nicolae_quartered_pool_medium,
          chequers_serial_rivers_small_b
Lair:5:   minmay_lair_end_frog_pond, layout_hall_layers,
          dpeg_slime_entry_enclosed, lemuel_fruit_tree
Swamp:1:  nicolae_swamp_flooded_prison, layout_basic_swamp,
          evilmike_swamp_ruin_house_3
Swamp:2:  layout_falls_marsh, evilmike_swamp_ruin_house_5, swamp_pool4,
          infiniplex_staircase_pool
Swamp:3:  layout_basic_swamp, nicolae_swamp_tree_isthmus, uniq_mlioglotl
Swamp:4:  grunt_swamp_rune_castle, layout_basic_swamp, swamp_pool2, uniq_nikola
Snake:1:  nicolae_snake_nest, layout_basic, nicolae_snake_slithery_corners
Snake:2:  layout_gridlike, serial_shops, shop_fountains
Snake:3:  layout_chambers, serial_shops, nicolae_shop_just_a_little_nook
Snake:4:  hellmonk_snake_rune_quicksilver_temple, layout_cave_town,
          uniq_bai_suzhen
Orc:1:    layout_diamond_mine, serial_shops, shop, uniq_jorgrun
Orc:2:    st_orc_ogre_mass, layout_diamond_mine, uniq_sonja
Elf:1:    layout_onion_city, serial_shops, shop, hangedman_elf_represent,
          nicolae_elf_m_pinch, minivault_5
Elf:2:    elven_hall_of_blades_hangedman_original [grunt_blade_entry_basic],
          layout_geoelf_diagonals, basic_altar, serial_shops, shop_fountains,
          nicolae_shop_unique_rings
Elf:3:    grunt_elf_hall_branching, layout_gridlike, item_on_display_a
Vaults:1: gammafunk_ghost_necromancy, ontoclasm_vaults_twist, v_misc_19,
          vaults_room_corners, hangedman_vaults_snaps,
          nicolae_vaults_network_periphery, v_misc_27,
          hangedman_vaults_corner_blocks, nicolae_vaults_wine_cellar,
          nicolae_vaults_more_shelving_2, v_misc_15, vaults_dpeg_doors,
          nicolae_vaults_tetromino_T_1, layout_vaults_ring, serial_shops, shop
Vaults:2: st_squares, nicolae_vaults_surprise_closet,
          nicolae_vaults_shrinking_rooms_2, nicolae_vaults_tetromino_Z_2,
          vaults_mumra_hex, dpeg_vaults_monster_row, v_alt_pattern_2,
          nicolae_vaults_tetromino_T_2, nicolae_vaults_trapezoid_lopsided_2,
          vaults_mumra_minichess_inversion, minmay_crypt_entry_nasty_monster,
          ontoclasm_vaults_idyll, layout_vaults_maze_bifur
Vaults:3: nicolae_vaults_network_square, hangedman_vaults_stretched_pinwheel,
          vaults_room_boxed, nicolae_vaults_diamond_2, ontoclasm_vaults_fault,
          v_misc_30, v_misc_30, ontoclasm_vaults_hangar,
          nicolae_vaults_enemy_cabinets, dpeg_vaults_monster_box,
          layout_vaults_omnicross, uniq_asterion
Vaults:4: hangedman_vaults_slither, ontoclasm_vaults_loading_screen,
          nicolae_vaults_network_s, nicolae_vaults_two_Ls, st_hourglassy,
          ontoclasm_vaults_ring_square, nicolae_vaults_diamond_2,
          layout_vaults_quadrants, serial_shops
Vaults:5
Depths:1: layout_gridlike, grunt_hell_horde, kennysheep_another_room,
          hangedman_summoners_spam, minmay_shop_star
Depths:2: kennysheep_ambush_hall, layout_cave_pools, hellmonk_bongcloud_opening,
          hell_entry, rand_demon_pan_entry_9, minmay_starry_boxes, uniq_sojobo
Depths:3: minmay_octagon_city, layout_basic, enter_ziggurat_a, hell_entry,
          nicolae_abyss_entry_one_way_or_another, minmay_misc_feat_diagonals
Depths:4: lemuel_castle_with_subvaults [lemuel_castle_interior_carwin_2],
          layout_cave_pools, nicolae_concentric_dashed_squares_mild,
          serial_shops, shop, hell_entry, minmay_shop_grove,
          serial_bayou_shore_a
Zot:1:    hangedman_snap_crack_crunch, layout_onion_interference,
          grunt_ministairs_15, zot_minivault_6, uniq_grunn

Skill      XL: |  1  2  3  4  5  6  7  8  9 10 11 12 13 14 15 16 17 18 19 20 21 22 23 24 25 26 |
---------------+-------------------------------------------------------------------------------+-----
Fighting       | 1 2 4 5 7 10 11 12 13 14 15 16 17 18 | 18.9
Spellcasting   | 3 4 5 6 8 9 10 11 12 13 14 15 17 | 17.5
Dodging        | 7 9 11 12 14 15 16 18 19 22 24 | 24.0
Shields        | 5 11 13 15 16 17 18 20 22 | 22.0
Polearms       | 2 7 9 |  9.5
Stealth        | 5 10 12 15 | 15.1

Action                     |  1- 3 |  4- 6 |  7- 9 | 10-12 | 13-15 | 16-18 | 19-21 | 22-24 | 25-27 || total
---------------------------+-------+-------+-------+-------+-------+-------+-------+-------+-------++-------
  Melee: Dagger            |     4 |       |       |       |       |       |       |       |       ||     4
         Short sword       |       |    22 |    71 |    44 |    83 |       |       |       |       ||   220
         Punch             |       |       |     1 |     1 |     1 |       |       |       |       ||     3
         Spear             |       |       |       |       |   129 |   466 |    86 |    15 |    18 ||   714
         Headbutt          |       |       |       |       |    23 |    86 |    17 |       |       ||   126
   Cast: Magic Dart        |    85 |   105 |   161 |    86 |   134 |     8 |       |       |       ||   579
         Call Imp          |       |     9 |     8 |     4 |     7 |     2 |     1 |       |       ||    31
         Slow              |       |     3 |    21 |    37 |    44 |    19 |     6 |       |       ||   130
         Foxfire           |       |     5 |    17 |    28 |    63 |    16 |     2 |       |       ||   131
         Blink             |       |     1 |       |       |       |       |     4 |     2 |     5 ||    12
         Poisonous Vapours |       |     3 |    64 |    65 |   223 |   205 |   229 |   100 |    29 ||   918
         Volatile Blastmot |       |       |    26 |    40 |    13 |     7 |       |       |       ||    86
         Iskenderun's Myst |       |       |     1 |     2 |     6 |    16 |    12 |     4 |    16 ||    57
         Freezing Cloud    |       |       |       |    21 |    74 |   152 |    37 |     9 |    14 ||   307
         Mephitic Cloud    |       |       |       |     3 |    16 |     3 |     3 |     5 |     5 ||    35
         Irradiate         |       |       |       |       |   120 |    50 |    24 |    18 |     7 ||   219
         Death Channel     |       |       |       |       |    13 |    60 |    42 |    51 |    39 ||   205
         Dispersal         |       |       |       |       |       |     1 |       |       |       ||     1
         Iron Shot         |       |       |       |       |       |       |   346 |   507 |   286 ||  1139
         Enfeeble          |       |       |       |       |       |       |    70 |   100 |   127 ||   297
         Spellforged Servi |       |       |       |       |       |       |       |    36 |    60 ||    96
         Maxwell's Capacit |       |       |       |       |       |       |       |       |     2 ||     2
 Invoke: Curse Item        |       |     1 |     1 |     2 |     6 |     2 |       |       |       ||    12
         Shatter the Chain |       |       |       |       |     2 |     1 |       |       |       ||     3
    Use: Scroll            |       |     2 |    13 |       |     5 |     1 |     1 |     1 |     7 ||    30
         Potion            |       |     1 |     3 |     2 |     6 |       |       |     3 |       ||    15
   Stab: Distracted        |       |     2 |     1 |       |     4 |     3 |     1 |       |     2 ||    13
         Sleeping          |       |       |     1 |       |       |       |       |       |       ||     1
         Confused          |       |       |       |       |     1 |     2 |       |       |       ||     3
         Invisible         |       |       |       |       |       |       |     2 |       |     1 ||     3
 Armour: Robe              |     4 |    10 |    36 |    13 |    66 |    47 |    39 |    25 |    23 ||   263
  Dodge: Dodged            |    33 |    28 |   111 |   127 |   417 |   225 |   179 |   247 |   228 ||  1595
  Block: Other             |       |     6 |    31 |    30 |    77 |       |       |       |       ||   144
         Reflection        |       |       |       |     4 |    12 |    65 |    44 |    19 |    35 ||   179
         Buckler           |       |       |       |       |    29 |     8 |       |       |       ||    37
         Kite shield       |       |       |       |       |       |   414 |   405 |   339 |   285 ||  1443
